 Dungeon Crawl Stone Soup version 0.31-a0-774-g0d66cbabe8 (webtiles) character file.

Game seed: 15018127716622953075

45 cforsyth the Sneak (level 3, -3/31 HPs)
             Began as a Djinni Delver on Sept 17, 2023.
             Slain by an orc wizard
             ... wielding a +0 club
              (5 damage)
             ... on level 4 of the Dungeon.
             The game lasted 00:00:50 (294 turns).

cforsyth the Sneak (Djinni Delver)                   Turns: 294, Time: 00:00:51

Health: -3/31      AC:  3    Str: 11    XL:     3   Next: 90%
Gold:   15         EV: 12    Int: 13    God:
                   SH:  0    Dex: 14

rFire   + + .        a - +0 falchion
rCold   x . .        (no shield)
rNeg    . . .        b - +0 leather armour
rPois   ∞            (no helmet)
rElec   .            (no cloak)
rCorr   .            (no gloves)
SInv    .            (boots unavailable)
Will    .....        h - amulet of faith
Stlth   ++           (no ring)
HPRegen 0.25/turn    (no ring)
MPRegen 0.00/turn

%: faith, infuse magic (-4 HP)
@: flying
A: sickness immunity, fire resistance 2, cold vulnerability 1, float, innate
caster, HP casting, extra vitality 1
a: no special abilities


You were on level 4 of the Dungeon.
You visited 1 branch of the dungeon, and saw 2 of its levels.

You collected 15 gold pieces.

Inventory:

Hand Weapons
 a - a +0 falchion (weapon)
Armour
 b - a +0 leather armour (worn)
Jewellery
 h - an amulet of faith (around neck)
Wands
 g - a wand of digging (3)
Scrolls
 c - 2 scrolls of fog
 d - a scroll of revelation
 e - a scroll of fear
Potions
 f - a potion of haste


   Skills:
 + Level 3.8 Fighting
 - Level 1.7 Long Blades
 - Level 2.1 Dodging
 - Level 4.1 Stealth
 + Level 1.4 Spellcasting
 + Level 1.4 Conjurations
 + Level 1.4 Hexes
   Level 0.0 Charms
 + Level 1.4 Summonings
 + Level 1.4 Necromancy
 + Level 1.4 Translocations
 + Level 1.4 Transmutations
 + Level 1.4 Fire Magic
 + Level 1.4 Ice Magic
 + Level 1.4 Air Magic
 + Level 1.4 Earth Magic
 + Level 1.4 Poison Magic


You knew the following spells:

 Your Spells              Type           Power      Damage    Failure   Level
a - Slow                  Hex            16%        N/A       21%         1
Your spell library was empty.

Dungeon Overview and Level Annotations

Branches:
Dungeon (5/15)
 Temple: D:4-7

Altars:

Annotations:
D:5 2 runed translucent doors


Innate Abilities, Weirdness & Mutations

You are immune to sickness and miasma.
You are immune to poison.
Your flesh is very heat resistant. (rF++)
You are vulnerable to cold. (rC-)
You float through the air rather than walking.
You learn spells naturally, not from books.
Your magical power is your life essence.
You have superior vitality. (+4 MHP)


Message History

You start resting.
An orc wizard comes into view. It is wielding a +0 club.
An orc wizard is nearby!
The orc wizard shouts!
The orc wizard casts a spell.
The orc wizard flickers and vanishes!
Deactivating autopickup; reactivate with Ctrl-A.
You hit something. Something hits you.
You hit something. Something hits you.
You barely miss something. Something hits you. x2
You barely miss something. Something hits you.
* * * LOW HITPOINT WARNING * * *
An endoplasm comes into view.
You closely miss something. Something hits you.
* * * LOW HITPOINT WARNING * * *
You barely miss something. Something hits you.
* * * LOW HITPOINT WARNING * * *
You miss something. Something hits you.
* * * LOW HITPOINT WARNING * * *
As you read the scroll of fear, it crumbles to dust.
You assume a fearsome visage.
The endoplasm looks frightened!
Items here: ))) [ †††.
Okay, then.
You start resting.
An orc wizard is nearby!
The orc wizard points at you and mumbles some strange words.
The magic dart hits you.
* * * LOW HITPOINT WARNING * * *
You closely miss the orc wizard.
The orc wizard is lightly wounded.
The orc wizard gestures at you while chanting.
The magic dart hits you.
* * * LOW HITPOINT WARNING * * *
The orc wizard mumbles some strange words.
The orc wizard flickers and vanishes!
You miss something. Something barely misses you.
You barely miss something. Something hits you.
* * * LOW HITPOINT WARNING * * *
You barely miss something. Something hits you.
You die...

#################
........@........
.....#{#####.###
... #.# #.# . #.#
#.# #.#####.#####
#.#.........#
#.#.........#
#)#..o......#
#.#.........#


There were no monsters in sight!

Vanquished Creatures
  A hound (D:4)
  An adder (D:5)
  3 orcs (D:4)
5 creatures vanquished.

Notes
Turn   | Place    | Note
-------+----------+-------------------------------------------
     0 | D:5      | cforsyth the Djinni Delver began the quest for the Orb.
     0 | D:5      | Reached XP level 1. HP: 20/20 MP: 0/0
    28 | D:5      | Reached XP level 2. HP: 4/25 MP: 0/0
   129 | D:5      | Found a large runed translucent door.
   130 | D:5      | Found a large runed translucent door.
   212 | D:4      | Reached skill level 1 in Spellcasting
   212 | D:4      | Reached skill level 1 in Conjurations
   212 | D:4      | Reached skill level 1 in Hexes
   212 | D:4      | Reached skill level 1 in Summonings
   212 | D:4      | Reached skill level 1 in Necromancy
   212 | D:4      | Reached skill level 1 in Translocations
   212 | D:4      | Reached skill level 1 in Transmutations
   212 | D:4      | Reached skill level 1 in Fire Magic
   212 | D:4      | Reached skill level 1 in Ice Magic
   212 | D:4      | Reached skill level 1 in Air Magic
   212 | D:4      | Reached skill level 1 in Earth Magic
   212 | D:4      | Reached skill level 1 in Poison Magic
   212 | D:4      | Reached XP level 3. HP: 29/31 MP: 0/0
   212 | D:4      | Learned a level 1 spell: Slow
   294 | D:4      | Slain by an orc wizard

Illustrated notes

Levels and vault maps discovered:
D:4:      layout_basic, serial_shops, shop,
          nicolae_concentric_dashed_squares_mild, minmay_statues_item,
          uniq_blork_the_orc, uniq_menkaure
D:5:      layout_basic, jmf_multi_god_temple2, gammafunk_temple_overflow_claw

Skill      XL: |  1  2 |
---------------+-------+-----
Spellcasting   | 1 |  1.4
Conjurations   | 1 |  1.4
Hexes          | 1 |  1.4
Summonings     | 1 |  1.4
Necromancy     | 1 |  1.4
Translocations | 1 |  1.4
Transmutations | 1 |  1.4
Fire Magic     | 1 |  1.4
Ice Magic      | 1 |  1.4
Air Magic      | 1 |  1.4
Earth Magic    | 1 |  1.4
Poison Magic   | 1 |  1.4
Fighting       | |  3.8
Long Blades    | |  1.7
Dodging        | |  2.1
Stealth        | |  4.1

Action                     || total
---------------------------++-------
  Melee: Falchion          ||    54
         Punch             ||     1
    Use: Scroll            ||     1
   Stab: Sleeping          ||     1
 Armour: Leather armour    ||    37
  Dodge: Dodged            ||    36

Table legend: (Time is in decaauts)
 A = Elapsed time spent in this place.
 B = Non-inter-level travel time spent in this place.
 C = Inter-level travel time spent in this place.
 D = Time resting spent in this place.
 E = Time spent auto-exploring this place.
 F = Levels seen in this place.
 G = Mean time per level.
                   A        B        C        D        E       F      G
               +--------+--------+--------+--------+--------+-----+--------+
         Total |    305 |    305 |      0 |    114 |     73 |   2 |  152.5 |
       Dungeon |    305 |    305 |      0 |    114 |     73 |   2 |  152.5 |
               +--------+--------+--------+--------+--------+-----+--------+

Top non-repeatable levels by time:
     D:5: 190 daAuts
     D:4: 115 daAuts
